 Dungeon Crawl Stone Soup version 0.22-a0-231-g1b571ea (webtiles) character file.

50 tidbits the Insei (level 3, 7/28 HPs)
             Began as a Gnoll Transmuter on Feb 20, 2018.
             Quit the game on level 3 of the Dungeon.
             The game lasted 00:02:26 (264 turns).

tidbits the Insei (Gnoll Transmuter)                 Turns: 264, Time: 00:02:27

Health: 7/28       AC:  2    Str: 12    XL:     3   Next: 79%
Magic:  9/9        EV: 14    Int: 16    God:
Gold:   47         SH:  0    Dex: 15    Spells: 9/12 levels left

rFire    . . .     SeeInvis .     - Unarmed
rCold    . . .     Gourm    .   (no shield)
rNeg     + . .     Faith    .   b - +0 robe
rPois    .         Spirit   .   (no helmet)
rElec    .         Reflect  .   (no cloak)
rCorr    .         Harm     .   (no gloves)
MR       .....                  (no boots)
Stlth    ++........             (no amulet)
HPRegen  0.09/turn              g - ring of positive energy
MPRegen  0.11/turn              (no ring)

@: appendage
A: distributed training, fangs 1, horns 2, strong nose
a: End Transformation


You were on level 3 of the Dungeon.
You were not hungry.
You had grown temporary horns.
You visited 1 branch of the dungeon, and saw 3 of its levels.

You collected 47 gold pieces.

Inventory:

Hand Weapons
 e - a +0 short sword
 f - a +0 dagger
 k - a +1 flail of holy wrath
   (You took it off an orc on level 3 of the Dungeon)
Missiles
 a - 28 arrows
 i - 24 stones (quivered)
Armour
 b - a +0 robe (worn)
 d - a +0 ring mail
Jewellery
 g - a ring of positive energy (left hand)
   (You found it on level 1 of the Dungeon)
Potions
 j - a potion of curing
Comestibles
 c - 2 rations


   Skills:
 + Level 2.6 Fighting
 + Level 0.9 Short Blades
 + Level 0.9 Long Blades
 + Level 0.9 Axes
 + Level 0.9 Maces & Flails
 + Level 0.9 Polearms
 + Level 0.9 Staves
 + Level 0.9 Slings
 + Level 0.9 Bows
 + Level 0.9 Crossbows
 + Level 0.9 Throwing
 + Level 0.9 Armour
 + Level 4.5 Dodging
 + Level 0.9 Stealth
 + Level 0.9 Shields
 + Level 6.5 Unarmed Combat
 + Level 5.0 Spellcasting
 + Level 0.6 Conjurations
 + Level 0.6 Hexes
 + Level 0.6 Charms
 + Level 0.6 Summonings
 + Level 0.6 Necromancy
 + Level 0.6 Translocations
 + Level 3.8 Transmutations
 + Level 0.6 Fire Magic
 + Level 0.6 Ice Magic
 + Level 0.6 Air Magic
 + Level 0.6 Earth Magic
 + Level 0.6 Poison Magic
 + Level 1.0 Invocations
 + Level 0.9 Evocations


You had 9 spell levels left.
You knew the following spells:

 Your Spells              Type           Power        Failure   Level  Hunger
e - Beastly Appendage     Tmut           ###...       3%          1    None
k - Sticks to Snakes      Tmut           ###.....     4%          2    #......


Dungeon Overview and Level Annotations

Branches:
Dungeon (3/15)

Altars:

Annotations:
D:3 Jessica


Innate Abilities, Weirdness & Mutations

Your experience applies equally to all skills.
You have very sharp teeth.
Your uncanny sense of smell can sniff out nearby items.
You have a pair of horns on your head.


Message History

The orc misses your ball python.
You swap places.
Things that are here:
a flail; a leather armour; an orc corpse The orc hits you but does no damage.
Your ball python bites the orc but does no damage.
Your ball python grabs the orc.
Your ball python constricts the orc.
You hit the orc but do no damage. The orc closely misses you.
Your ball python bites the orc but does no damage.
Your ball python constricts the orc.
You hit the orc.
The orc is heavily wounded.
The orc hits you.
* * * LOW HITPOINT WARNING * * *
Your ball python bites the orc but does no damage.
Your ball python constricts the orc.
You hit the orc. You bite the orc, but do no damage.
The orc is almost dead.
The orc barely misses you.
Your ball python bites the orc but does no damage.
Your ball python constricts the orc.
The orc dies!
Items here: )) [[ †††
k - a flail of holy wrath
Things that are here:
a short sword; an orc corpse You swap places.
Items here: ) [[ †††
Things that are here:
a flail; a leather armour; an orc corpse Your transformation is almost over.
There is a stone staircase leading up here.
Your ball python withers and dies!
Your talons disappear.
There is a stone staircase leading up here.
Things that are here:
a flail; a leather armour; an orc corpse
Items here: ) [[ †††
Things that are here:
a short sword; an orc corpse
Found 13 gold pieces.
You see here 13 gold pieces.
You now have 47 gold pieces (gained 13).
Magic restored.
You enter a teleport trap!
The teleport trap disappears.
Your surroundings suddenly seem different.
Found a leather armour.
Found an escape hatch in the floor.
Casting: Sticks to Snakes (safe; 4% risk of failure)
Confirm with . or Enter, or press ? or * to list all spells.
You grow a pair of large bovine horns.
A rat and an orc come into view.
A quokka and an orc come into view.
Found a falchion.
A jackal comes into view.
The quokka misses you.
Found 24 stones.
Things that are here:
a leather armour; 18 arrows Unknown command.
You hit the quokka. You headbutt the quokka.
You bite the quokka, but do no damage.
The quokka is severely wounded.
The quokka bites you.
* * * LOW HITPOINT WARNING * * *
A jackal comes into view.
You miss the quokka.
The jackal barks! x2
You bite the quokka, but do no damage.
The quokka is severely wounded.
You hear a shout! x2
The quokka bites you.
* * * LOW HITPOINT WARNING * * *
You hear an angry hiss.
Jessica the Apprentice Sorceress comes into view.
You punch the quokka!
You kill the quokka!
A kobold comes into view. It is wielding a short sword.
a - 28 arrows (gained 18)
The rat bites you.
* * * LOW HITPOINT WARNING * * *
A leopard gecko, 2 orcs and an orc priest come into view.
The orc priest is wielding a flail of crushing.
The leopard gecko hisses angrily.
The orc shouts!
The orc priest shouts!
You hear a shout! x2
The leopard gecko moves out of view.
The orc priest moves out of view.
An orc comes into view. It is wielding a falchion.
The orc shouts!
You hear a shout!
An orc comes into view. It is wielding a dagger.
You see here a quokka corpse.
As you read the scroll labeled BACAJI ZUXTAUGG, it crumbles to dust.
It is a scroll of identify.
j - a potion of curing Jessica mumbles some strange words.
Jessica blinks!
Unknown command.
A quokka and an orc come into view.
The orc shouts!
The leopard gecko hisses menacingly.
Okay, then.
Are you sure you want to abandon this character and quit the game? (Confirm with "yes".)

#.#....<..#.#
#.#.#.###.#g# .......
#.#.#...#.#.#
........##.#.##.##.#.#
........##.#. ..#.#.#
.....o..##.#######)#.#
....o.o.##......)[.#
....ooo.############
....rol..@.......
........rh....... ∆
######h#.#######
#.######†#.##### ∆
...§...[.......#
.........K.....#
...............#
...............#
...............#


You could see an orc priest, 6 orcs, a leopard gecko, a quokka, 2 jackals, a
kobold and a rat.

Vanquished Creatures
  An orc priest (D:3)
  An adder (D:2)
  A dart slug (D:1)
  2 orcs (D:3)
  A kobold (D:1)
  A quokka (D:3)
7 creatures vanquished.

Vanquished Creatures (collateral kills)
  2 orcs (D:3)
2 creatures vanquished.

Grand Total: 9 creatures vanquished

Notes
Turn   | Place    | Note
-------+----------+-------------------------------------------
     0 | D:1      | tidbits the Gnoll Transmuter began the quest for the Orb.
     0 | D:1      | Reached XP level 1. HP: 17/17 MP: 6/6
   107 | D:2      | Reached XP level 2. HP: 23/23 MP: 5/7
   111 | D:2      | Learned a level 2 spell: Sticks to Snakes
   190 | D:3      | Reached skill level 5 in Spellcasting
   190 | D:3      | Reached skill level 1 in Invocations
   190 | D:3      | Reached XP level 3. HP: 14/28 MP: 5/9
   257 | D:3      | Noticed Jessica
   264 | D:3      | Quit the game

Vault maps used:
D:1:      giann_wishing_wells, amethyst_killhole
D:2:      grunt_temple_overflow_open, minmay_pentomino_t2
D:3:      nicolae_overflow_hidden_temple, minivault_11,
          hangedman_decor_slide_cut, uniq_jessica

Skill      XL: |  1  2 |
---------------+-------+-----
Spellcasting   | 5 |  5.0
Invocations    | 1 |  1.0
Fighting       | |  2.6
Short Blades   | |  0.9
Long Blades    | |  0.9
Axes           | |  0.9
Maces & Flails | |  0.9
Polearms       | |  0.9
Staves         | |  0.9
Slings         | |  0.9
Bows           | |  0.9
Crossbows      | |  0.9
Throwing       | |  0.9
Armour         | |  0.9
Dodging        | |  4.5
Stealth        | |  0.9
Shields        | |  0.9
Unarmed Combat | |  6.5
Conjurations   | |  0.6
Hexes          | |  0.6
Charms         | |  0.6
Summonings     | |  0.6
Necromancy     | |  0.6
Translocations | |  0.6
Transmutations | |  3.8
Fire Magic     | |  0.6
Ice Magic      | |  0.6
Air Magic      | |  0.6
Earth Magic    | |  0.6
Poison Magic   | |  0.6
Evocations     | |  0.9

Action                   || total
-------------------------++-------
Melee: Unarmed           ||    23
       Kick              ||     3
       Bite              ||     3
       Headbutt          ||     1
Throw: Stone             ||     1
 Cast: Beastly Appendage ||     6
       Sticks to Snakes  ||     2
  Use: Scroll            ||     1
 Stab: Sleeping          ||     1
Armor: Robe              ||     1
Dodge: Dodged            ||    10

Table legend:
 A = Spawn XP
 B = Non-spawn XP
 C = Spawn XP percentage of total XP
 D = Spawn monster count
 E = Non-spawn monster count
 F = Spawn count percentage of total count
 G = Total turns spent on level
                    A         B        C        D         E        F      G
               +---------+---------+-------+---------+---------+-------+---------
         Total |       0 |      72 |   0.0 |       0 |       9 |   0.0 |   264
               +---------+---------+-------+---------+---------+-------+---------
           D:1 |       0 |       6 |   0.0 |       0 |       2 |   0.0 |   130
           D:2 |       0 |      13 |   0.0 |       0 |       1 |   0.0 |    31
           D:3 |       0 |      53 |   0.0 |       0 |       6 |   0.0 |   103
               +---------+---------+-------+---------+---------+-------+---------

Table legend:
 A = Turns spent in this place as a percentage of turns spent in the entire game.
 B = Non-inter-level travel turns spent in this place as a percentage of non-inter-level travel turns spent in the entire game.
 C = Inter-level travel turns spent in this place as a percentage of turns spent in this place.
 D = Turns resting spent in this place as a percentage of non-inter-level travel turns spent in this place.
 E = Turns spent auto-exploring this place as a percentage of non-inter-level travel turns spent in this place.
 F = Non-inter-level travel turns spent in this place divided by the number of levels of this place that you've seen.
                   A       B       C       D       E      F
               +-------+-------+-------+-------+-------+----------------------
         Total | 100.0 | 100.0 |   0.0 |   0.0 |   0.0 |  88.0
       Dungeon | 100.0 | 100.0 |   0.0 |   0.0 |   0.0 |  88.0
               +-------+-------+-------+-------+-------+----------------------

Table legend:
 A = Kills in this place as a percentage of kills in entire the game.
 B = Kills by you in this place as a percentage of kills by you in the entire game.
 C = Kills by friends in this place as a percentage of kills by friends in the entire game.
 D = Other kills in this place as a percentage of other kills in the entire game.
 E = Experience gained in this place as a percentage of experience gained in the entire game.
 F = Experience gained in this place divided by the number of levels of this place that you have seen.
                   A       B       C       D       E      F
               +-------+-------+-------+-------+-------+----------------------
         Total | 100.0 | 100.0 | 100.0 |   N/A | 100.0 |  24.0
       Dungeon | 100.0 | 100.0 | 100.0 |   N/A | 100.0 |  24.0
               +-------+-------+-------+-------+-------+----------------------

Vault maps used:
D:1:      giann_wishing_wells, amethyst_killhole
D:2:      grunt_temple_overflow_open, minmay_pentomino_t2
D:3:      nicolae_overflow_hidden_temple, minivault_11,
          hangedman_decor_slide_cut, uniq_jessica
